 Dungeon Crawl Stone Soup version 0.27.1-33-g824d729ab1 (webtiles) character file.

Game seed: 2932881801039920439

110 pkoi the Ruffian (level 4, 0/36 HPs)
             Began as a Draconian Warper on Dec 27, 2021.
             Slain by a gnoll (7 damage)
             ... on level 3 of the Dungeon.
             The game lasted 00:02:17 (2113 turns).

pkoi the Ruffian (Draconian Warper)                 Turns: 2113, Time: 00:02:18

Health: 0/36       AC:  6    Str: 13    XL:     4   Next: 61%
Magic:  7/7        EV: 12    Int: 14    God:
Gold:   79         SH:  0    Dex: 11    Spells: 2/7 levels left

rFire    . . .     SeeInvis .     - Unarmed
rCold    . . .     Faith    .   (no shield)
rNeg     . . .     Spirit   .   (armour unavailable)
rPois    .         Reflect  .   (helmet restricted)
rElec    .         Harm     .   (no cloak)
rCorr    .         Rampage  .   k - +0 pair of gloves
Will     .....                  (no boots)
Stlth    +.........             (no amulet)
HPRegen  0.12/turn              (no ring)
MPRegen  0.10/turn              (no ring)

@: no status effects
A: AC +5, unfitting armour, cold-blooded
a: no special abilities


You were on level 3 of the Dungeon.
You visited 1 branch of the dungeon, and saw 3 of its levels.

You collected 79 gold pieces.

Inventory:

Missiles
 b - 5 boomerangs of dispersal (quivered)
 g - a throwing net
Armour
 k - a +0 pair of gloves (worn)
Scrolls
 a - 3 scrolls of blinking
 c - 3 scrolls of magic mapping {unknown}
 d - a scroll of vulnerability {unknown}
 f - a scroll of enchant armour {unknown}
 h - a scroll of noise {unknown}
 i - a scroll of teleportation {unknown}
 j - a scroll of fog {unknown}
Potions
 e - a potion of heal wounds


   Skills:
 - Level 2.1 Fighting
 - Level 0.8 Throwing
 - Level 2.1 Dodging
 * Level 4.5 Unarmed Combat
 - Level 2.0 Spellcasting
 + Level 3.5 Translocations


You had 2 spell levels left.
You knew the following spells:

 Your Spells              Type           Power      Damage    Failure   Level
a - Blink                 Tloc           N/A        N/A       9%          2
b - Gell's Gravitas       Tloc           5%         N/A       17%         3

Your spell library contained the following spells:

 Spells                   Type           Power      Damage    Failure   Level
 Freeze                   Ice            4%         1d3       24%         1
 Slow                     Hex            1%         N/A       34%         2
 Lesser Beckoning         Tloc           5%         N/A       17%         3
 Teleport Other           Tloc           11%        N/A       17%         3
 Confusing Touch          Hex            1%         N/A       56%         3
 Frozen Ramparts          Ice            2%         1d2       56%         3
 Vampiric Draining        Necr           0%         2d6       56%         3
 Manifold Assault         Tloc           11%        N/A       83%         5
 Hailstorm                Conj/Ice       1%         3d3       93%         4


Dungeon Overview and Level Annotations

Branches:
Dungeon (3/15)

Altars:


Innate Abilities, Weirdness & Mutations

Your plain brown scales are hard. (AC +5)
You cannot fit into any form of body armour.
You are cold-blooded and may be slowed by cold attacks.


Message History

The gnoll completely misses you.
You hit the gnoll.
You kill the gnoll!
You hit the gnoll.
The gnoll is lightly wounded.
The gnoll hits you with a +0 club.
You hit the gnoll.
The gnoll is moderately wounded.
The gnoll hits you with a +0 club!
You hit the gnoll but do no damage.
The gnoll is moderately wounded.
The gnoll barely misses you.
You hit the gnoll.
The gnoll is heavily wounded.
The gnoll hits you with a +0 club.
You closely miss the gnoll.
Your tail-slap misses the gnoll.
The gnoll is heavily wounded.
The gnoll hits you but does no damage.
You hit the gnoll.
The gnoll is severely wounded.
The gnoll barely misses you.
You hit the gnoll.
You kill the gnoll!
You hit the gnoll but do no damage. The gnoll barely misses you.
You closely miss the gnoll. The gnoll closely misses you.
You completely miss the gnoll. The gnoll misses you.
You closely miss the gnoll. The gnoll hits you with a +0 flail.
* * * LOW HITPOINT WARNING * * *
You hit the gnoll.
The gnoll is lightly wounded.
The gnoll hits you with a +0 flail.
* * * LOW HITPOINT WARNING * * *
You closely miss the gnoll.
Your tail-slap misses the gnoll.
The gnoll is lightly wounded.
The gnoll hits you with a +0 flail.
* * * LOW HITPOINT WARNING * * *
You barely miss the gnoll.
Your tail-slap misses the gnoll.
The gnoll is lightly wounded.
The gnoll hits you with a +0 flail!
You die...

## #### .# ....!
###.######
......##.<.......
......g@.##.#####
.....(#### #
#####


You could see a gnoll.

Vanquished Creatures
  Terence (D:2)
  A hound skeleton (D:2)
  3 gnolls (D:3)
  An adder (D:2)
  3 ball pythons
  4 bats (D:1)
  2 endoplasms
  2 giant cockroaches (D:1)
  5 goblins
  5 hobgoblins
  A quokka (D:1)
  2 frilled lizards (D:1)
  2 kobolds
  A rat (D:2)
  A spectral goblin (D:2)
34 creatures vanquished.

Notes
Turn   | Place    | Note
-------+----------+-------------------------------------------
     0 | D:1      | pkoi the Draconian Warper began the quest for the Orb.
     0 | D:1      | Reached XP level 1. HP: 17/17 MP: 3/3
   507 | D:1      | Reached XP level 2. HP: 24/24 MP: 5/5
   684 | D:1      | Reached skill level 3 in Unarmed Combat
  1269 | D:2      | Reached XP level 3. HP: 23/29 MP: 6/6
  1388 | D:2      | Learned a level 2 spell: Blink
  1392 | D:2      | Learned a level 3 spell: Gell's Gravitas
  1845 | D:2      | Found a faded altar of an unknown god.
  1920 | D:2      | Noticed Terence
  1964 | D:2      | Killed Terence
  1965 | D:2      | Reached skill level 4 in Unarmed Combat
  1965 | D:2      | Reached XP level 4. HP: 36/36 MP: 7/7
  2113 | D:3      | Slain by a gnoll

Illustrated notes

Levels and vault maps discovered:
D:1:      dpeg_arrival_houses_and_road, layout_loops_ring
D:2:      layout_basic, dreamdust_ecumenical_altar_drowned_temple, uniq_terence
D:3:      layout_rooms, nemelex_dance_club_becter, saegor_snake_ambush,
          uniq_ijyb

Skill      XL: |  1  2  3 |
---------------+----------+-----
Unarmed Combat | 3 4 |  4.5
Fighting       | |  2.1
Throwing       | |  0.8
Dodging        | |  2.1
Spellcasting   | |  2.0
Translocations | |  3.5

Action                   |  1- 3 |  4- 6 || total
-------------------------+-------+-------++-------
Melee: Unarmed           |   125 |    29 ||   154
       Tailslap          |    15 |     2 ||    17
       Punch             |     1 |       ||     1
  Use: Potion            |     1 |       ||     1
Armor: Skin              |    36 |     3 ||    39
Dodge: Dodged            |    99 |     9 ||   108
